 Dungeon Crawl Stone Soup version 0.25-a0-36-g303dd5b1f4 (webtiles) character file.

Game seed: 6353895104406534756, levelgen mode: deterministic

172 Flugkiller the Vexing (level 5, 0/34 HPs)
             Began as an Octopode Enchanter on Oct 20, 2019.
             Was an Initiate of Okawaru.
             Slain by an orc
             ... wielding a +0 hand axe
              (6 damage)
             ... on level 4 of the Dungeon.
             The game lasted 00:03:50 (3066 turns).

Flugkiller the Vexing (Octopode Enchanter)          Turns: 3066, Time: 00:03:50

Health: 0/34       AC:  1    Str:  8    XL:     5   Next: 52%
Magic:  8/8        EV: 13    Int: 18    God:    Okawaru [......]
Gold:   138        SH:  0    Dex: 12    Spells: 2/8 levels left

rFire    . . .     SeeInvis .   i - +0 short sword (elec)
rCold    . . .     Gourm    .   (no shield)
rNeg     + + +     Faith    .   (helmet restricted)
rPois    .         Spirit   .   (no amulet)
rElec    .         Reflect  .   e - ring of positive energy
rCorr    .         Harm     .   g - ring of positive energy
MR       .....                  o - ring of positive energy
Stlth    +++.......             p - ring of wizardry
HPRegen  0.11/turn              (no ring)
MPRegen  0.11/turn              (no ring)
                                (no ring)
                                (no ring)

@: no status effects
A: almost no armour, stealthy swim, amphibious, 8 rings, constrict 8, camouflage
1, gelatinous body 1
a: Renounce Religion


You were on level 4 of the Dungeon.
You worshipped Okawaru.
Okawaru was noncommittal.
You were near starving.

You visited 1 branch of the dungeon, and saw 4 of its levels.

You collected 138 gold pieces.

Inventory:

Hand Weapons
 a - a +1 dagger
 i - a +0 short sword of electrocution (weapon)
   (You found it on level 1 of the Dungeon)
 j - a cursed -2 dagger
   (You found it on level 1 of the Dungeon)
Missiles
 q - 30 poisoned darts (quivered)
Armour
 n - a cursed +0 shield
   (You found it on level 3 of the Dungeon)
Jewellery
 e - a ring of positive energy (left tentacle)
   (You found it on level 1 of the Dungeon)
 g - a ring of positive energy (right tentacle)
   (You found it on level 1 of the Dungeon)
 o - a ring of positive energy (on tentacle)
   (You found it on level 1 of the Dungeon)
 p - a ring of wizardry (on tentacle)
   (You found it on level 1 of the Dungeon)
 t - an uncursed ring of protection from magic {unknown}
   (You found it on level 3 of the Dungeon)
Wands
 u - a wand of flame (8)
   (You took it off an orc on level 4 of the Dungeon)
 v - a wand of paralysis (8)
   (You found it on level 4 of the Dungeon)
Scrolls
 b - a scroll of amnesia
 d - a scroll of teleportation {unknown}
 l - a scroll of remove curse
 s - 2 scrolls of enchant armour {unknown}
 w - a scroll of blinking {unknown}
Potions
 f - a potion of mutation {unknown}
 h - 2 potions of heal wounds
 k - a potion of lignification {unknown}
 m - a potion of haste
 r - 4 potions of agility
 x - a potion of magic {unknown}
Comestibles
 c - 9 rations


   Skills:
 + Level 1.8 Fighting
 + Level 1.9 Short Blades
 - Level 2.0 Dodging
 - Level 4.0 Stealth
 + Level 2.4 Spellcasting
 - Level 5.0 Hexes


You had 2 spell levels left.
You knew the following spells:

 Your Spells              Type           Power        Failure   Level  Hunger
a - Corona                Hex            ###....      1%          1    #......
b - Ensorcelled Hibernat  Hex/Ice        ##....       4%          2    ##.....
c - Confuse               Hex            ###.....     2%          3    ###....

Your spell library contained the following spells:

 Spells                   Type           Power        Failure   Level  Hunger
 Tukima's Dance           Hex            ###.....     2%          3    ###....
 Dazzling Spray           Conj/Hex       ##....       8%          3    ###....


Dungeon Overview and Level Annotations

Branches:
Dungeon (4/15)
 Temple: D:4-7

Altars:
Ashenzari
Okawaru


Innate Abilities, Weirdness & Mutations

You cannot wear most types of armour.
You are very stealthy in the water. (Stealth+)
You are amphibious.
You can wear up to eight rings at the same time.
You can use your tentacles to constrict eight enemies at once.
Your skin changes colour to match your surroundings (Stealth+).
Your rubbery body absorbs attacks. (AC +1, EV +1)


Message History

The orc barely misses you.
Unknown command.
Okay, then.
You're too confused to move!
The orc wizard closely misses you. The orc misses you.
Unknown command.
You hit the orc wizard.
Lightning courses through the orc wizard!
The orc wizard is almost dead.
The orc wizard closely misses you. The orc hits you but does no damage.
The orc wizard points at you and mumbles some strange words.
The magic dart hits you!
Unknown command.
Unknown command.
You're too confused to move!
The orc closely misses you.
Unknown command.
You miss the orc wizard. You squeeze the orc wizard.
You kill the orc wizard!
Okawaru accepts your kill. The orc misses you.
Unknown command.
The orc hits you with a +0 hand axe.
* * * LOW HITPOINT WARNING * * *
Things that are here:
a +0 dagger; a +0 robe; an orc corpse You miss the orc.
The orc is heavily wounded.
The orc hits you with a +0 hand axe.
* * * LOW HITPOINT WARNING * * *
You miss the orc.
The orc is heavily wounded.
The orc closely misses you.
You bump into the rock wall.
The orc barely misses you.
You bump into the rock wall.
The orc hits you with a +0 hand axe.
* * * LOW HITPOINT WARNING * * *
You feel less confused. The orc barely misses you.
Things that are here:
a +0 dagger; a +0 robe; an orc corpse Unknown command.
You hit the orc. You grab the orc.
The orc is severely wounded.
You constrict the orc, but do no damage.
The orc hits you with a +0 hand axe.
* * * LOW HITPOINT WARNING * * *
You hit the orc but do no damage.
The orc is severely wounded.
You constrict the orc. The orc hits you with a +0 hand axe.
You die... #. . # ..... #.# .##. #.##.. #oJ

... ##..... #..#####.#
.......
###......#..####......
#..o.#...#.....#......
#.###)...###..........
#. #⌠.##'#..⌠#..#......
#..@......#.........
##o......#####.#..#.
#...........#...#....#<
#...'..._...'...'....#.
#...#.......#...#....#.
##..#.......#####......
...#..............#..#.
##..
⌠..#'.#.⌠.......... ..
###....####.........


You could see an orc.

Vanquished Creatures
  An orc wizard (D:4)
  A hound skeleton (D:4)
  8 adders
  An ooze (D:4)
  A dart slug (D:1)
  7 orcs (D:4)
  3 ball pythons
  4 bats
  5 giant cockroaches
  4 goblins
  7 hobgoblins
  2 jackals (D:4)
  2 kobolds
  3 quokkas
  A frilled lizard (D:3)
  3 rats
53 creatures vanquished.

Notes
Turn   | Place    | Note
-------+----------+-------------------------------------------
     0 | D:1      | Flugkiller the Octopode Enchanter began the quest for the
                  | Orb.
     0 | D:1      | Reached XP level 1. HP: 11/11 MP: 3/3
   321 | D:1      | Reached skill level 1 in Fighting
   354 | D:1      | Reached XP level 2. HP: 17/18 MP: 5/5
   411 | D:1      | Learned a level 2 spell: Ensorcelled Hibernation
   925 | D:2      | Reached skill level 4 in Hexes
   925 | D:2      | Reached XP level 3. HP: 23/23 MP: 6/6
   930 | D:2      | Learned a level 3 spell: Confuse
  1807 | D:3      | Found an iron altar of Okawaru.
  1820 | D:3      | Became a worshipper of Warmaster Okawaru
  1880 | D:3      | Reached XP level 4. HP: 28/28 MP: 7/7
  2198 | D:4      | Reached skill level 5 in Hexes
  2350 | D:4      | Reached XP level 5. HP: 26/33 MP: 8/8
  2444 | D:4      | Noticed an ogre
  3023 | D:4      | Found a shattered altar of Ashenzari.
  3066 | D:4      | Slain by an orc

Levels and vault maps discovered:
D:1:      onia_arrival_mini_spirals, layout_basic
D:2:      layout_loops_cross
D:3:      layout_rooms, okawaru_gym_becter, first_ration
D:4:      layout_rooms, evilmike_ruin_ashenzari

Skill      XL: |  1  2  3  4 |
---------------+-------------+-----
Fighting       | 1 |  1.8
Hexes          | 4 5 |  5.0
Short Blades   | |  1.9
Dodging        | |  2.0
Stealth        | |  4.0
Spellcasting   | |  2.4

Action                   |  1- 3 |  4- 6 || total
-------------------------+-------+-------++-------
Melee: Short sword       |    50 |    69 ||   119
       Tentacles         |     5 |     6 ||    11
       Dagger            |     2 |       ||     2
       Constrict         |    12 |    11 ||    23
 Cast: Ensorcelled Hiber |       |     2 ||     2
       Confuse           |       |     1 ||     1
  Use: Scroll            |     4 |     1 ||     5
 Stab: Sleeping          |     8 |     6 ||    14
       Distracted        |     1 |       ||     1
  Eat: Chunk             |     3 |     2 ||     5
Armor: Skin              |     2 |     3 ||     5
Dodge: Dodged            |    38 |    53 ||    91

Table legend:
 A = Non-vault XP
 B = Vault XP
 C = Vault XP percentage of total XP
 D = Non-vault monster count
 E = Vault monster count
 F = Vault count percentage of total count
                 A         B        C        D         E       F
            +---------+---------+-------+---------+---------+-------
      Total |     246 |       0 |   0.0 |      53 |       0 |   0.0
            +---------+---------+-------+---------+---------+-------
        D:1 |      16 |       0 |   0.0 |       8 |       0 |   0.0
        D:2 |      59 |       0 |   0.0 |      15 |       0 |   0.0
        D:3 |      43 |       0 |   0.0 |      12 |       0 |   0.0
        D:4 |     128 |       0 |   0.0 |      18 |       0 |   0.0
            +---------+---------+-------+---------+---------+-------
